 Dungeon Crawl Stone Soup version 0.28.0-47-ge53b351184 (webtiles) character file.

Game seed: 13397440613708714152

264 GigaChad the Covered (level 5, -1/47 HPs)
             Began as a Minotaur Fighter on Apr 26, 2022.
             Slain by a lemure (8 damage)
             ... led by Pikel
             ... on level 4 of the Dungeon.
             The game lasted 00:07:58 (1788 turns).

GigaChad the Covered (Minotaur Fighter)             Turns: 1788, Time: 00:07:58

Health: -1/47      AC:  9    Str: 20    XL:     5   Next: 98%
Magic:  4/4        EV:  7    Int:  5    God:
Gold:   133        SH:  5    Dex: 12    Spells: 4/4 levels left

rFire   . . .      SeeInvis .   a - +0 long sword
rCold   . . .      Faith    .   c - +0 buckler
rNeg    . . .      Spirit   .   u - +0 chain mail
rPois   .          Reflect  .   (helmet restricted)
rElec   .          Harm     .   (no cloak)
rCorr   .          Rampage  .   (no gloves)
Will    .....                   (no boots)
Stlth   ..........              (no amulet)
HPRegen 0.15/turn               (no ring)
MPRegen 0.09/turn               (no ring)

@: no status effects
A: horns 2, retaliatory headbutt
a: no special abilities


You were on level 4 of the Dungeon.
You visited 1 branch of the dungeon, and saw 4 of its levels.

You collected 133 gold pieces.

Inventory:

Hand Weapons
 a - a +0 long sword (weapon)
 f - a +2 vorpal hunting sling
 h - a +0 dagger of speed
 n - a +0 falchion
 s - a +0 shortbow
Missiles
 t - 43 arrows
Armour
 b - a +0 scale mail
 c - a +0 buckler (worn)
 u - a +0 chain mail (worn)
Jewellery
 v - a ring of protection from cold
Scrolls
 e - 2 scrolls of fog
 i - a scroll of noise {unknown}
 m - a scroll of blinking {unknown}
 p - a scroll of identify
 q - a scroll of teleportation
 r - a scroll of enchant armour {unknown}
Potions
 d - a potion of might
 g - 3 potions of brilliance {unknown}
 j - a potion of degeneration {unknown}
 k - 2 potions of heal wounds {unknown}
 l - 3 potions of curing {unknown}
 o - a potion of flight {unknown}


   Skills:
 + Level 4.7 Fighting
 + Level 4.6 Long Blades
 + Level 5.1 Armour
 + Level 1.3 Dodging
 + Level 0.1 Stealth
 + Level 4.7 Shields


You had 4 spell levels left.
You didn't know any spells.
Your spell library contained the following spells:

 Spells                   Type           Power      Damage    Failure   Level
 Shock                    Conj/Air       0%         1d3       100%        1
 Swiftness                Air            0%         N/A       100%        3
 Airstrike                Air            0%         N/A       100%        4


Dungeon Overview and Level Annotations

Branches:
Dungeon (4/15)
 Temple: D:4-7

Altars:

Shops:
D:1 (

Annotations:
D:4 Pikel


Innate Abilities, Weirdness & Mutations

You have a pair of horns on your head.
You reflexively headbutt those who attack you in melee.


Message History

The lemure shouts!
The lemure hits you.
You barely miss the lemure. Your headbutt misses the lemure.
The lemure barely misses you.
You closely miss the lemure. The lemure hits you but does no damage.
The lemure closely misses you.
Pikel hits you with a +0 whip of freezing.
Pikel freezes you. The lemure hits you.
You hit Pikel.
Pikel is lightly wounded.
The lemure hits you. You block the lemure's attack.
Pikel hits you but does no damage. The lemure hits you.
The lemure barely misses you. You furiously retaliate!
You headbutt the lemure. You block Pikel's attack.
The lemure hits you but does no damage.
You miss Pikel.
Pikel is lightly wounded.
The lemure hits you but does no damage. x2; Pikel completely misses you.
You furiously retaliate!
You headbutt Pikel. You hit Pikel.
Pikel is moderately wounded.
You block the lemure's attack. The lemure hits you but does no damage.
The lemure hits you. x2; Pikel barely misses you.
You closely miss Pikel.
Pikel is moderately wounded.
The lemure hits you but does no damage. You block the lemure's attack.
The lemure closely misses you.
Pikel hits you with a +0 whip of freezing.
Pikel freezes you.
* * * LOW HITPOINT WARNING * * *
The lemure hits you.
* * * LOW HITPOINT WARNING * * *
You barely miss Pikel. Your headbutt misses Pikel.
Pikel is moderately wounded.
The lemure hits you but does no damage. x3; The lemure hits you.
* * * LOW HITPOINT WARNING * * *
Pikel barely misses you. The lemure hits you but does no damage.
You barely miss Pikel.
Pikel is moderately wounded.
The lemure hits you!
You die...

###.....
#......
#.....
#....#
#....#
#....#
#.5K5#
#.5@5#
#....#
###....#
#......#...#
#.....##...#
#.....# ...#
#.....# ...#
#.....# ...#
#.....# ...#
.#


You could see Pikel and 4 lemures.

Vanquished Creatures
  A centaur (D:3)
  Natasha (D:4)
  An orc wizard (D:4)
  A hound skeleton (D:4)
  A gnoll (D:2)
  4 adders
  A worm (D:3)
  2 dart slugs (D:2)
  2 orcs (D:4)
  6 ball pythons
  4 endoplasms
  A giant cockroach (D:1)
  8 hobgoblins
  3 jackals (D:2)
  3 quokkas
  3 bats
  2 frilled lizards (D:2)
  9 goblins
  7 kobolds
  3 rats
63 creatures vanquished.

Notes
Turn   | Place    | Note
-------+----------+-------------------------------------------
     0 | D:1      | GigaChad the Minotaur Fighter began the quest for the Orb.
     0 | D:1      | Reached XP level 1. HP: 19/19 MP: 0/0
   183 | D:1      | Reached XP level 2. HP: 27/27 MP: 1/1
   215 | D:1      | Found Ifyfrib's Antique Weapon Shop.
   374 | D:1      | Reached skill level 4 in Armour
   505 | D:2      | Reached XP level 3. HP: 27/33 MP: 2/2
   674 | D:2      | Reached XP level 4. HP: 24/40 MP: 3/3
  1365 | D:3      | Noticed a centaur
  1373 | D:3      | Killed a centaur
  1374 | D:3      | Reached skill level 1 in Dodging
  1374 | D:3      | Reached XP level 5. HP: 22/47 MP: 4/4
  1490 | D:4      | Reached skill level 5 in Armour
  1735 | D:4      | Noticed Natasha
  1739 | D:4      | Killed Natasha
  1775 | D:4      | Noticed a lemure
  1776 | D:4      | Noticed a lemure
  1777 | D:4      | Noticed Pikel
  1777 | D:4      | Noticed a lemure
  1778 | D:4      | Noticed a lemure
  1788 | D:4      | Slain by a lemure

Illustrated notes

Levels and vault maps discovered:
D:1:      wander_arrival_estate, layout_loops_cross,
          hellmonk_ecumenical_altar_pennies_from_heaven, serial_shops,
          nicolae_shop_stone
D:2:      layout_basic, minmay_joined_circles
D:3:      layout_loops_corners, minmay_quadrilaterals, uniq_crazy_yiuf_cottage
D:4:      layout_basic, serial_shops, nicolae_shop_overgrown_old_shop,
          nicolae_underground_beach, uniq_sigmund, uniq_pikel, uniq_natasha,
          uniq_edmund

Skill      XL: |  1  2  3  4  5 |
---------------+----------------+-----
Shields        | 4 |  4.7
Armour         | 4 5 |  5.1
Fighting       | 4 |  4.7
Long Blades    | 3 4 |  4.6
Dodging        | 1 |  1.3
Stealth        | |  0.1

Action                   |  1- 3 |  4- 6 || total
-------------------------+-------+-------++-------
Melee: Long sword        |    60 |    78 ||   138
       Headbutt          |     8 |    14 ||    22
  Use: Scroll            |     2 |       ||     2
Armor: Scale mail        |    28 |    41 ||    69
       Chain mail        |       |    24 ||    24
Dodge: Dodged            |    31 |    51 ||    82
Block: Buckler           |    16 |    23 ||    39
